 Dungeon Crawl Stone Soup version 0.30.1-9-gdf580d7c3d (webtiles) character file.

Game seed: 5247776207460483702

229 Danienth the Cutter (level 5, -6/24 HPs)
             Began as a Spriggan Enchanter on Oct 3, 2023.
             Killed from afar by Natasha (8 damage)
             ... with a magic dart
             ... on level 2 of the Dungeon.
             The game lasted 00:09:25 (1452 turns).

Danienth the Cutter (Spriggan Enchanter)            Turns: 1452, Time: 00:09:26

Health: -6/24      AC:  2    Str:  6    XL:     5   Next: 71%
Magic:  10/10      EV: 17    Int: 16    God:
Gold:   51         SH:  0    Dex: 16    Spells: 9/9 levels left

rFire   . . .        g - +1 dagger (freeze)
rCold   . . .        (no shield)
rNeg    . . .        b - +0 robe
rPois   .            (helmet restricted)
rElec   .            (no cloak)
rCorr   .            (gloves unavailable)
SInv    +            (boots unavailable)
Will    .....        (no amulet)
Stlth   +++          (no ring)
HPRegen 0.24/turn    (no ring)
MPRegen 0.12/turn

%: no passive effects
@: invisible, very quick
A: very small, no large weapons, unfitting armour, see invisible, speed 3
a: no special abilities


You were on level 2 of the Dungeon.
You visited 1 branch of the dungeon, and saw 2 of its levels.

You collected 51 gold pieces.

Inventory:

Hand Weapons
 a - a +1 dagger
 g - a +1 dagger of freezing (weapon)
 n - a +0 dagger of holy wrath
Missiles
 p - a poisoned dart (quivered)
Armour
 b - a +0 robe (worn)
Magical Staves
 f - a staff of poison
Jewellery
 i - an amulet of faith
Scrolls
 d - a scroll of teleportation
 e - a scroll of summoning {unknown}
 k - a scroll of magic mapping {unknown}
 l - a scroll of poison {unknown}
 m - a scroll of noise {unknown}
 r - a scroll of enchant armour {unknown}
 s - a scroll of fog {unknown}
 t - a scroll of immolation {unknown}
Potions
 h - a potion of degeneration {unknown}
 j - a potion of lignification {unknown}
 o - a potion of brilliance {unknown}
 q - a potion of heal wounds {unknown}


   Skills:
 - Level 0.2 Fighting
 + Level 5.1 Short Blades
 - Level 3.0 Throwing
 - Level 2.6 Dodging
 - Level 4.4 Stealth
 - Level 2.6 Spellcasting
 - Level 3.6 Hexes


You had 9 spell levels left.
You didn't know any spells.
Your spell library contained the following spells:

 Spells                   Type           Power      Damage    Failure   Level
 Confusing Touch          Hex            13%        N/A       13%         3
 Tukima's Dance           Hex            13%        N/A       13%         3
 Ensorcelled Hibernation  Hex/Ice        14%        N/A       14%         2
 Dazzling Flash           Conj/Hex       14%        N/A       28%         3
 Gell's Gravitas          Tloc           2%         N/A       50%         3
 Teleport Other           Tloc           2%         N/A       50%         3
 Dispersal                Tloc           1%         N/A       100%        6


Dungeon Overview and Level Annotations

Branches:
Dungeon (2/15)

Altars:

Annotations:
D:2 Natasha


Innate Abilities, Weirdness & Mutations

You are very small and have problems with some larger weapons.
You are too small for most types of armour.
You have supernaturally acute eyesight. (SInv)
You cover ground extremely quickly. (Speed+++)


Message History

Okay, then.
Throw: 3 darts (poison)
Press: ? - help, Q - select action Shift-Dir - straight line, f - Natasha
Aim: Natasha (53% to hit)
You throw a poisoned dart. The poisoned dart hits Natasha.
Natasha is poisoned.
The cerulean imp hits you from afar with a +2 spear.
Throw: 2 darts (poison)
Press: ? - help, Q - select action Shift-Dir - straight line, f/p - Natasha
Aim: Natasha (blue smoke, poisoned, 53% to hit)
You throw a poisoned dart. The poisoned dart hits Natasha.
Natasha looks even sicker.
Natasha claws you.
* * * LOW HITPOINT WARNING * * *
The cerulean imp misses you.
You fade into invisibility!
Natasha claws you.
* * * LOW HITPOINT WARNING * * *
The cerulean imp barely misses you.
Hit: g) +1 dagger (freeze)
Press: ? - help, Dir - move target, f/p - Natasha
Aim: Natasha (moderately wounded, very poisoned, about 39% to evade your +1 dagger of freezing)
You hit Natasha but do no damage.
Natasha is moderately wounded.
The cerulean imp disappears in a puff of smoke!
Natasha closely misses you.
Hit: g) +1 dagger (freeze)
Press: ? - help, Dir - move target, f/p - Natasha
Aim: Natasha (heavily wounded, very poisoned, about 39% to evade your +1 dagger of freezing)
You hit Natasha. You freeze Natasha.
Natasha is severely wounded.
Hit: g) +1 dagger (freeze)
Press: ? - help, Dir - move target, f/p - Natasha
Aim: Natasha (severely wounded, very poisoned, about 39% to evade your +1 dagger of freezing)
You barely miss Natasha.
Natasha is severely wounded.
Natasha wildly gestures.
Natasha's front paws start to glow.
Natasha casts a spell at you. The magic dart hits you!
You die...

#.....#############
#.###..............
#.####.............
#..##..............
##.##..............
#.##..............
#(###.............
#h#..5...##.......
#@#......#...#...#
#.#...†.....##.###
#.................
##....†.###.......
#......# #.......
##.....# #......<
#.#...# ##..#.#.
#...######....#.
#..####.....†...


You could see Natasha (very poisoned).

Vanquished Creatures
  Sigmund (D:2)
  Natasha (D:2)
  An adder (D:2)
  A dart slug (D:2)
  4 endoplasms
  A giant cockroach (D:2)
  2 goblins
  A hobgoblin (D:2)
  3 kobolds (D:1)
  3 quokkas
  5 ball pythons
  5 bats
  2 frilled lizards (D:1)
  6 rats
36 creatures vanquished.

Notes
Turn   | Place    | Note
-------+----------+-------------------------------------------
     0 | D:1      | Danienth the Spriggan Enchanter began the quest for the
                  | Orb.
     0 | D:1      | Reached XP level 1. HP: 9/9 MP: 5/5
   148 | D:1      | Reached skill level 2 in Short Blades
   232 | D:1      | Reached XP level 2. HP: 13/13 MP: 6/6
  1056 | D:2      | Noticed Natasha
  1153 | D:2      | Killed Natasha
  1154 | D:2      | Reached skill level 3 in Short Blades
  1154 | D:2      | Reached XP level 3. HP: 13/16 MP: 8/8
  1198 | D:2      | Reached skill level 1 in Throwing
  1303 | D:2      | Noticed Natasha
  1321 | D:2      | Noticed Sigmund
  1329 | D:2      | Killed Sigmund
  1330 | D:2      | Reached skill level 5 in Short Blades
  1330 | D:2      | Reached XP level 4. HP: 21/21 MP: 9/9
  1330 | D:2      | Reached XP level 5. HP: 24/24 MP: 10/10
  1452 | D:2      | Killed from afar by Natasha

Illustrated notes

Levels and vault maps discovered:
D:1:      beargit_arrival_greenhouse, layout_loops_ring, serial_glass,
          glass_columns_b, glass_columns_a, minmay_misc_feat_alley,
          minmay_3d_cube
D:2:      layout_rooms, chequers_serial_rivers_micro_a, uniq_sigmund,
          uniq_natasha

Skill      XL: |  1  2  3 |
---------------+----------+-----
Short Blades   | 2 3 5 |  5.1
Throwing       | 3 |  3.0
Fighting       | |  0.2
Dodging        | |  2.6
Stealth        | |  4.4
Spellcasting   | |  2.6
Hexes          | |  3.6

Action                     |  1- 3 |  4- 6 || total
---------------------------+-------+-------++-------
  Melee: Dagger            |    78 |    14 ||    92
         Punch             |     1 |       ||     1
  Throw: Dart              |    12 |     2 ||    14
    Use: Potion            |     1 |     1 ||     2
         Scroll            |     1 |       ||     1
   Stab: Sleeping          |    13 |     1 ||    14
         Invisible         |     1 |       ||     1
 Armour: Robe              |     7 |       ||     7
  Dodge: Dodged            |    44 |    12 ||    56
